 Dungeon Crawl Stone Soup version 0.26-a0-962-g9b92081034 (webtiles) character file.

Game seed: 15523882486330701136

168 Dracia the Poker (level 5, -3/39 HPs)
             Began as a Demonspawn Warper on Dec 2, 2020.
             Slain by an ogre
             ... wielding a +0 giant club
              (30 damage)
             ... on level 4 of the Dungeon.
             The game lasted 00:05:22 (4634 turns).

Dracia the Poker (Demonspawn Warper)                Turns: 4634, Time: 00:05:22

Health: -3/39      AC:  5    Str: 13    XL:     5   Next: 23%
Magic:  8/8        EV: 12    Int: 14    God:
Gold:   137        SH:  0    Dex: 20    Spells: 3/8 levels left

rFire    . . .     SeeInvis .   a - +2 spear
rCold    . . .     Faith    .   (no shield)
rNeg     . . .     Spirit   .   b - +0 leather armour
rPois    .         Reflect  .   (no helmet)
rElec    .         Harm     .   (no cloak)
rCorr    .         Rampage  .   (no gloves)
MR       .....                  (no boots)
Stlth    ++........             (no amulet)
HPRegen  0.13/turn              m - +6 ring of dexterity
MPRegen  0.11/turn              (no ring)

@: mighty
A: rugged brown scales 2, agile 1, mutation resistance 1, powered by pain 1
a: no special abilities


You were on level 4 of the Dungeon.
You visited 1 branch of the dungeon, and saw 4 of its levels.

You collected 137 gold pieces.


Innate Abilities, Weirdness & Mutations

You are mostly covered in rugged brown scales. (AC +2, +5% HP)
You sometimes gain a little power by taking damage.
You are agile. (Dex +2)
You are somewhat resistant to further mutation.


   Skills:
 - Level 2.0 Fighting
 * Level 4.2 Polearms
 - Level 0.8 Throwing
 - Level 0.8 Armour
 - Level 1.7 Dodging
 - Level 2.0 Spellcasting
 + Level 3.7 Translocations


You had 3 spell levels left.
You knew the following spells:

 Your Spells              Type           Power        Failure   Level
a - Blink                 Tloc           N/A          10%         2
b - Gell's Gravitas       Tloc           ##........   19%         3

Your spell library contained the following spells:

 Spells                   Type           Power        Failure   Level
 Lesser Beckoning         Tloc           ##........   19%         3
 Teleport Other           Tloc           ##......     19%         3
 Passage of Golubria      Tloc           N/A          54%         4

Inventory:

Hand Weapons
 a - a +2 spear (weapon)
Missiles
 e - a boomerang of dispersal (quivered) {=f}
Armour
 b - a +0 leather armour (worn)
Jewellery
 m - a +6 ring of dexterity (left hand)
Scrolls
 d - 2 scrolls of blinking
 f - a scroll of amnesia
 g - a scroll of remove curse {@r2}
 h - 3 scrolls of identify {@r1}
 j - a scroll of enchant armour {unknown}
Potions
 i - a potion of attraction {unknown}
 k - a potion of curing {@q1}

Dungeon Overview and Level Annotations

Branches:
Dungeon (4/15)
 Temple: D:4-7

Altars:
Cheibriados
Nemelex Xobeh
Sif Muna

.##......#......###.##.######
.........###.##..#....># #
.##.##...###.##...###### #.
.##.#....(...###...# ###.##
###.#....##### #...# ##.....
.##.#.#.## #...# #......
###.....# #...# ####....#.
#####.### #O..# #.........
....#.#### #@..# #.##......
###.#.##.#######...#####.##......
##......#.................#...(..
.#..#..###.......................
.#..#...#.................####.##
)...##...#######...#####.#####.#
.#.......# #......# #.##....#
.....#.#.## #....#.# #.##.##.#
.###.#....#####....#.# #.##.##.#


You could see an ogre.


Message History

Found a scroll labelled PUPLEU EGRULIF.
j - a scroll labelled PUPLEU EGRULIF No target in view!
No target in view!
Key pressed, stopping explore.
An ogre is nearby!
An ogre is nearby!
An ogre is nearby!
An ogre is nearby!
It was a potion of mutation.
You feel extremely strange.
You feel agile.
You feel genetically stable.
The ogre shouts!
You reach to attack!
You completely miss the ogre. You puncture the ogre!
The ogre is moderately wounded.
The ogre completely misses you.
You hit the ogre.
The ogre is moderately wounded.
The ogre hits you with a +0 giant club!
You focus on the pain.
You feel very mighty all of a sudden.
You barely miss the ogre.
The ogre is moderately wounded.
You puncture the ogre!
The ogre is almost dead.
The ogre closely misses you.
You hit the ogre.
The ogre is almost dead.
The ogre hits you with a +0 giant club!!
Ouch! That really hurt!
You die...

Skill      XL: |  1  2  3  4 |
---------------+-------------+-----
Polearms       | 2 3 4 |  4.2
Translocations | 3 |  3.7
Fighting       | |  2.0
Throwing       | |  0.8
Armour         | |  0.8
Dodging        | |  1.7
Spellcasting   | |  2.0

Action                   |  1- 3 |  4- 6 || total
-------------------------+-------+-------++-------
Melee: Spear             |   258 |    69 ||   327
Throw: Boomerang         |       |     4 ||     4
 Cast: Blink             |       |     1 ||     1
  Use: Scroll            |     6 |     2 ||     8
       Potion            |       |     4 ||     4
 Stab: Sleeping          |     2 |     1 ||     3
Armor: Leather armour    |    70 |    16 ||    86
Dodge: Dodged            |   133 |    28 ||   161

Levels and vault maps discovered:
D:1:      dpeg_arrival_signposts, layout_loops_ring,
          chequers_serial_rivers_micro_a
D:2:      layout_basic
D:3:      layout_basic, nicolae_overflow_hidden_temple, minmay_distorted
D:4:      layout_loops_cross, cheibriados_altar_1

Notes
Turn   | Place    | Note
-------+----------+-------------------------------------------
     0 | D:1      | Dracia the Demonspawn Warper began the quest for the Orb.
     0 | D:1      | Reached XP level 1. HP: 16/16 MP: 3/3
   148 | D:1      | Reached skill level 2 in Polearms
   431 | D:1      | Gained mutation: You are partially covered in rugged brown
                  | scales. (AC +1, +3% HP) [demonic ancestry]
   431 | D:1      | Reached XP level 2. HP: 16/22 MP: 5/5
   782 | D:1      | Reached skill level 3 in Translocations
  1530 | D:2      | Reached XP level 3. HP: 23/27 MP: 6/6
  1737 | D:2      | Reached skill level 3 in Polearms
  2330 | D:3      | Learned a level 2 spell: Blink
  2334 | D:3      | Learned a level 3 spell: Gell's Gravitas
  2574 | D:3      | Found a sparkling altar of Nemelex Xobeh.
  2575 | D:3      | Found a shimmering blue altar of Sif Muna.
  2669 | D:3      | HP: 1/27 [hound (2)]
  2671 | D:3      | Gained mutation: You are mostly covered in rugged brown
                  | scales. (AC +2, +5% HP) [demonic ancestry]
  2671 | D:3      | Reached XP level 4. HP: 1/34 MP: 7/7
  3733 | D:4      | Reached skill level 4 in Polearms
  3779 | D:4      | Found a snail-covered altar of Cheibriados.
  3811 | D:4      | Gained mutation: You sometimes gain a little power by
                  | taking damage. [demonic ancestry]
  3811 | D:4      | Reached XP level 5. HP: 39/39 MP: 8/8
  3815 | D:4      | Noticed an ogre
  4626 | D:4      | Gained mutation: You are agile. (Dex +2) [potion of
                  | mutation]
  4626 | D:4      | Gained mutation: You are somewhat resistant to further
                  | mutation. [potion of mutation]
  4634 | D:4      | Slain by an ogre

Vanquished Creatures
  A hound (D:3)
  A worker ant (D:3)
  A hound skeleton (D:4)
  2 adders
  An ooze (D:4)
  2 adder skeletons (D:3)
  A dart slug (D:2)
  A leopard gecko (D:4)
  3 orcs
  3 giant cockroaches (D:2)
  13 hobgoblins
  9 jackals
  A quokka (D:3)
  2 ball pythons
  11 bats
  4 goblins
  4 kobolds
  10 rats
70 creatures vanquished.

Table legend: (Time is in decaauts)
 A = Elapsed time spent in this place.
 B = Non-inter-level travel time spent in this place.
 C = Inter-level travel time spent in this place.
 D = Time resting spent in this place.
 E = Time spent auto-exploring this place.
 F = Levels seen in this place.
 G = Mean time per level.
                   A        B        C        D        E       F      G
               +--------+--------+--------+--------+--------+-----+--------+
         Total |   4600 |   4453 |    147 |    876 |   3045 |   4 | 1150.0 |
       Dungeon |   4600 |   4453 |    147 |    876 |   3045 |   4 | 1150.0 |
               +--------+--------+--------+--------+--------+-----+--------+

Top non-repeatable levels by time:
     D:3: 1854 daAuts
     D:1: 1374 daAuts
     D:2: 895 daAuts
     D:4: 475 daAuts

Table legend:
 A = Non-vault XP
 B = Vault XP
 C = Vault XP percentage of total XP
 D = Non-vault monster count
 E = Vault monster count
 F = Vault count percentage of total count
                 A         B        C        D         E       F
            +---------+---------+-------+---------+---------+-------
      Total |     203 |      37 |  15.4 |      67 |       3 |   4.3
            +---------+---------+-------+---------+---------+-------
        D:1 |      32 |       0 |   0.0 |      22 |       0 |   0.0
        D:2 |      27 |       0 |   0.0 |      15 |       0 |   0.0
        D:3 |      93 |      37 |  28.5 |      22 |       3 |  12.0
        D:4 |      51 |       0 |   0.0 |       8 |       0 |   0.0
            +---------+---------+-------+---------+---------+-------
